 Dungeon Crawl Stone Soup version 0.29-a0-337-g68df138881 (webtiles) character file.

Game seed: 9789838969809181713

2 Jortsu the Skirmisher (level 1, 0/14 HPs)
             Began as a Gargoyle Fighter on Apr 17, 2022.
             Slain by a jackal (2 damage)
             ... on level 1 of the Dungeon.
             The game lasted 00:00:05 (75 turns).

Jortsu the Skirmisher (Gargoyle Fighter)              Turns: 75, Time: 00:00:06

Health: 0/14       AC:  9    Str: 19    XL:     1   Next: 40%
Magic:  1/1        EV:  9    Int:  8    God:
Gold:   24         SH:  4    Dex:  9    Spells: 0/0 levels left

rFire   . . .      SeeInvis .   a - +0 flail
rCold   . . .      Faith    .   c - +0 buckler
rNeg    + . .      Spirit   .   b - +0 scale mail
rPois   ∞          Reflect  .   (no helmet)
rElec   +          Harm     .   (no cloak)
rCorr   .          Rampage  .   (no gloves)
Will    .....                   (no boots)
Stlth   ..........              (no amulet)
HPRegen 0.04/turn               (no ring)
MPRegen 0.07/turn               (no ring)

@: no status effects
A: sickness immunity, AC +2, negative energy resistance 1, electricity
resistance, torment resistance 1, petrification resistance
a: no special abilities


You were on level 1 of the Dungeon.
You visited 1 branch of the dungeon, and saw 1 of its levels.

You collected 24 gold pieces.

Inventory:

Hand Weapons
 a - a +0 flail (weapon)
Armour
 b - a +0 scale mail (worn)
 c - a +0 buckler (worn)
Scrolls
 e - a scroll of identify {unknown}
Potions
 d - a potion of might


   Skills:
 + Level 3.3 Fighting
 + Level 2.0 Maces & Flails
 + Level 3.3 Armour
 + Level 3.3 Shields


You couldn't memorise any spells.
You didn't know any spells.
Your spell library was empty.

Dungeon Overview and Level Annotations

Branches:
Dungeon (1/15)

Altars:


Innate Abilities, Weirdness & Mutations

You are immune to sickness and miasma.
Your stone body is resilient. (AC +2)
You are immune to poison.
You resist negative energy. (rN+)
You are resistant to electric shocks. (rElec)
You are resistant to unholy torment.
You are immune to petrification.


Message History

The jackal is moderately wounded.
The jackal bites you but does no damage.
You block the jackal's attack.
A kobold comes into view. It is wielding a +0 short sword.
The jackal bites you but does no damage. x2
You closely miss the jackal.
The jackal is moderately wounded.
The kobold shouts!
The jackal bites you but does no damage.
The jackal bites you. x2; The jackal barely misses you.
You miss the jackal.
The jackal is moderately wounded.
The jackal barely misses you. x2
A kobold comes into view. It is wielding a +0 short sword.
The jackal misses you. You block the jackal's attack.
You barely miss the jackal.
The jackal is moderately wounded.
The kobold shouts!
The jackal completely misses you.
The jackal bites you but does no damage. x3
The jackal closely misses you. The jackal attacks as you move away!
The jackal bites you. The jackal attacks as you move away!
The jackal bites you.
* * * LOW HITPOINT WARNING * * *
The jackal bites you but does no damage.
You hit the jackal.
The jackal is severely wounded.
The jackal bites you but does no damage. x2
You barely miss the jackal.
The jackal is severely wounded.
The jackal bites you but does no damage.
The jackal barely misses you.
You hit the jackal.
You kill the jackal!
You block the jackal's attack.
You barely miss the jackal. You block the jackal's attack.
The jackal bites you.
* * * LOW HITPOINT WARNING * * *
You miss the jackal. You block the jackal's attack. The jackal bites you.
You die...

#. #.. .....## #.##.##.......
######### ..#.#.....$..
#.......# ### #.#.#........
#.##+##.# ..# #...#........
#.#...#.# #.# #...........
#.#.<.#.# #.#####..#........
#.##'##.####.#.@hKK..†.......
#.....+.'.##.#.####.##.......
#######+#....#.# #>.....####
#...##.#.# ######.#
######.#.# .# #.#.# # #.#'###
#.....# #.....######


You could see a jackal and 2 kobolds.

Vanquished Creatures
  2 jackals (D:1)
2 creatures vanquished.

Notes
Turn   | Place    | Note
-------+----------+-------------------------------------------
     0 | D:1      | Jortsu the Gargoyle Fighter began the quest for the Orb.
     0 | D:1      | Reached XP level 1. HP: 14/14 MP: 1/1
    75 | D:1      | Slain by a jackal

Illustrated notes

Levels and vault maps discovered:
D:1:      ncdulo_smallfort, layout_basic, minmay_pentomino_r4

Action                   || total
-------------------------++-------
Melee: Flail             ||    12
Armor: Scale mail        ||    12
Dodge: Dodged            ||     9
Block: Buckler           ||     6

Table legend: (Time is in decaauts)
 A = Elapsed time spent in this place.
 B = Non-inter-level travel time spent in this place.
 C = Inter-level travel time spent in this place.
 D = Time resting spent in this place.
 E = Time spent auto-exploring this place.
 F = Levels seen in this place.
 G = Mean time per level.
                   A        B        C        D        E       F      G
               +--------+--------+--------+--------+--------+-----+--------+
         Total |     78 |     78 |      0 |      0 |     53 |   1 |   78.0 |
       Dungeon |     78 |     78 |      0 |      0 |     53 |   1 |   78.0 |
               +--------+--------+--------+--------+--------+-----+--------+

Top non-repeatable levels by time:
     D:1: 78 daAuts
